 Dungeon Crawl Stone Soup version 0.28.0 (webtiles) character file.

Game seed: 17882912072136028153

445 HallandMoats the Skirmisher (level 7, -6/60 HPs)
             Began as a Ghoul Monk on Feb 11, 2022.
             Mangled by a gnoll sergeant (7 damage)
             ... on level 4 of the Dungeon.
             The game lasted 00:06:34 (5054 turns).

HallandMoats the Skirmisher (Ghoul Monk)            Turns: 5054, Time: 00:06:34

Health: -6/60      AC:  7    Str: 17    XL:     7   Next: 3%
Magic:  7/7        EV: 10    Int:  5    God:
Gold:   152        SH:  0    Dex: 11    Spells: 6/6 levels left

rFire   . . .      SeeInvis .     - Unarmed
rCold   + . .      Faith    .   (no shield)
rNeg    + + +      Spirit   .   b - +0 scale mail
rPois   ∞          Reflect  .   (no helmet)
rElec   .          Harm     .   l - +0 cloak
rCorr   .          Rampage  .   (no gloves)
Will    .....                   (no boots)
Stlth   ..........              (no amulet)
HPRegen 0.00/turn               (no ring)
MPRegen 0.10/turn               (no ring)

@: inhibited regen
A: claws 1, cold resistance 1, negative energy resistance 3, inhibited
regeneration, torment resistance 2
a: no special abilities


You were on level 4 of the Dungeon.
You visited 1 branch of the dungeon, and saw 4 of its levels.

You collected 152 gold pieces.

Inventory:

Armour
 b - a +0 scale mail (worn)
 l - a +0 cloak (worn)
Jewellery
 i - a ring of ice
Wands
 e - a wand of acid (10)
 n - a wand of paralysis (7)
Scrolls
 c - a scroll of fog
 d - 2 scrolls of teleportation
 f - a scroll of identify
 g - a scroll of fear
 k - 2 scrolls of enchant weapon
Potions
 a - a potion of brilliance


   Skills:
 * Level 4.9 Fighting
 * Level 2.6 Armour
 * Level 4.0 Dodging
 - Level 2.1 Stealth
 * Level 4.9 Unarmed Combat
 + Level 2.2 Invocations


You had 6 spell levels left.
You didn't know any spells.
Your spell library contained the following spells:

 Spells                   Type           Power      Damage    Failure   Level
 Ensorcelled Hibernation  Hex/Ice        0%         N/A       95%         2
 Passwall                 Tmut/Erth      0%         N/A       95%         2
 Swiftness                Air            0%         N/A       99%         3


Dungeon Overview and Level Annotations

Branches:
Dungeon (4/15)
 Temple: D:4-7

Altars:
Wu Jian
The Shining One


Innate Abilities, Weirdness & Mutations

You thrive by killing the living.
You are immune to poison.
You have sharp fingernails.
Your flesh is cold resistant. (rC+)
You are immune to negative energy. (rN+++)
You do not regenerate when monsters are visible.
You are immune to unholy pain and torment.


Message History

You claw the adder!
You kill the adder!
You feel better.
You swing at nothing.
You swing at nothing.
Found a dark potion.
A gnoll sergeant comes into view.
It is wielding a +3 trident of protection.
The gnoll sergeant shouts!
The gnoll sergeant hits you with a +3 trident of protection.
There is an open door here.
You scratch the gnoll sergeant but do no damage.
The gnoll sergeant barely misses you. The gnoll sergeant blocks your attack.
Your claw misses the gnoll sergeant.
The gnoll sergeant hits you with a +3 trident of protection!
The gnoll sergeant blocks your attack.
The gnoll sergeant hits you with a +3 trident of protection!
You scratch the gnoll sergeant.
The gnoll sergeant is lightly wounded.
The gnoll sergeant barely misses you.
You scratch the gnoll sergeant but do no damage.
The gnoll sergeant is lightly wounded.
The gnoll sergeant hits you with a +3 trident of protection.
You barely miss the gnoll sergeant.
The gnoll sergeant is lightly wounded.
The gnoll sergeant hits you with a +3 trident of protection.
You scratch the gnoll sergeant but do no damage.
The gnoll sergeant is lightly wounded.
You scratch the gnoll sergeant.
The gnoll sergeant is lightly wounded.
The gnoll sergeant hits you with a +3 trident of protection!
* * * LOW HITPOINT WARNING * * *
The gnoll sergeant blocks your attack.
You claw the gnoll sergeant, but do no damage.
The gnoll sergeant is lightly wounded.
The gnoll sergeant hits you with a +3 trident of protection!
* * * LOW HITPOINT WARNING * * *
You scratch the gnoll sergeant but do no damage.
The gnoll sergeant is lightly wounded.
The gnoll sergeant hits you with a +3 trident of protection!
You die...

#)# ...
#########.#
...
##..#......#
... !
..#......# ..
###'#......#
..
#...#......#
#...#......#
#.g.#......#
##@#######'##
#....#...†.#
#....#.....#
#....#.....#
#....).....#
######.....#
#######


You could see a gnoll sergeant.

Vanquished Creatures
  An ogre (D:4)
  Blork the orc (D:4)
  A bullfrog zombie (D:4)
  2 hounds (D:4)
  Terence (D:2)
  An iguana (D:4)
  An orc wizard (D:4)
  A hound skeleton (D:4)
  3 adders
  A gnoll (D:4)
  An ufetubus (D:4)
  2 adder skeletons (D:4)
  A worm (D:2)
  4 orcs (D:4)
  6 ball pythons
  5 bats
  8 endoplasms
  4 giant cockroaches
  5 goblins
  4 hobgoblins
  2 quokkas
  2 frilled lizards (D:2)
  9 kobolds
  4 rats
70 creatures vanquished.

Notes
Turn   | Place    | Note
-------+----------+-------------------------------------------
     0 | D:1      | HallandMoats the Ghoul Monk began the quest for the Orb.
     0 | D:1      | Reached XP level 1. HP: 19/19 MP: 0/0
   407 | D:1      | Reached XP level 2. HP: 26/26 MP: 1/1
  1034 | D:2      | Reached XP level 3. HP: 22/31 MP: 2/2
  1119 | D:2      | Reached skill level 1 in Armour
  1135 | D:2      | Noticed Terence
  1495 | D:2      | Killed Terence
  1496 | D:2      | Reached skill level 1 in Invocations
  1496 | D:2      | Reached XP level 4. HP: 6/40 MP: 3/3
  2126 | D:3      | Found an ornate altar of the Wu Jian Council.
  2429 | D:3      | Found a faded altar of an unknown god.
  3045 | D:4      | Noticed Blork the orc
  3753 | D:4      | Killed Blork the orc
  3754 | D:4      | Reached XP level 5. HP: 23/46 MP: 3/5
  3835 | D:4      | Noticed a steam dragon
  4483 | D:4      | Noticed an ogre
  4736 | D:4      | Noticed an ogre
  4743 | D:4      | Killed an ogre
  4744 | D:4      | Reached XP level 6. HP: 53/53 MP: 6/6
  5034 | D:4      | Reached XP level 7. HP: 54/60 MP: 7/7
  5053 | D:4      | HP: 1/60 [gnoll sergeant (15)]
  5054 | D:4      | Mangled by a gnoll sergeant

Illustrated notes

Levels and vault maps discovered:
D:1:      wander_arrival_lonely_grave, layout_basic, hangedman_feature_mirror
D:2:      layout_rooms, uniq_terence
D:3:      layout_loops_corners, overflow_temple_1_default,
          dreamdust_ecumenical_altar_grove
D:4:      minmay_clustersquares, layout_basic, kennysheep_little_box, tso_altar,
          minmay_temple_entry_nine_rooms, uniq_edmund, uniq_blork_the_orc

Skill      XL: |  1  2  3  4  5  6 |
---------------+-------------------+-----
Dodging        | 3 4 |  4.0
Armour         | 1 2 |  2.6
Invocations    | 1 2 |  2.2
Fighting       | 4 |  4.9
Unarmed Combat | 4 |  4.9
Stealth        | |  2.1

Action                   |  1- 3 |  4- 6 |  7- 9 || total
-------------------------+-------+-------+-------++-------
Melee: Unarmed           |    81 |   157 |    16 ||   254
       Punch             |       |     5 |     1 ||     6
Evoke: Wand              |       |     1 |       ||     1
  Use: Potion            |     1 |     3 |       ||     4
       Scroll            |       |     6 |       ||     6
 Stab: Sleeping          |     5 |       |       ||     5
       Paralysed         |       |     3 |       ||     3
Armor: Robe              |    13 |       |       ||    13
       Scale mail        |       |    50 |     3 ||    53
Dodge: Dodged            |    50 |    61 |     5 ||   116
